 Dungeon Crawl Stone Soup version 0.29.1-12-g30fa7ad0bf (webtiles) character file.

Game seed: 13521350559582343629

730 xian the Conjurer (level 7, -7/46 HPs)
             Began as a Demonspawn Air Elementalist on Jan 16, 2023.
             Killed by vampiric draining
             ... invoked by a vampire
              (18 damage)
             ... on level 5 of the Dungeon.
             The game lasted 00:12:47 (5314 turns).

xian the Conjurer (Demonspawn Air Elementalist)     Turns: 5314, Time: 00:12:47

Health: -7/46      AC:  8    Str:  8    XL:     7   Next: 44%
Magic:  9/13       EV: 15    Int: 19    God:
Gold:   257        SH:  0    Dex: 13    Spells: 11/14 levels left

rFire   . . .      SeeInvis .   f - +0 dagger
rCold   . . .      Faith    .   (no shield)
rNeg    . . .      Spirit   .   l - +0 leather armour
rPois   .          Reflect  .   t - +0 helmet
rElec   .          Harm     .   q - +0 cloak
rCorr   +          Rampage  .   (no gloves)
Will    .....                   k - +0 pair of boots
Stlth   ++........              u - amulet of magic regeneration
HPRegen 0.15/turn               o - ring of resist corrosion
MPRegen 0.53/turn               x - +4 ring of evasion

@: no status effects
A: yellow scales 1, demonic guardian 2, demonic magic 1
a: no special abilities


You were on level 5 of the Dungeon.
You visited 1 branch of the dungeon, and saw 5 of its levels.

You collected 257 gold pieces.

Inventory:

Hand Weapons
 f - a +0 dagger (weapon)
 r - a +2 quarterstaff of chaos
Armour
 k - a +0 pair of boots (worn)
 l - a +0 leather armour (worn)
 q - a +0 cloak (worn)
 t - a +0 helmet (worn)
Jewellery
 o - a ring of resist corrosion (left hand)
 u - an amulet of magic regeneration (around neck)
 x - a +4 ring of evasion (right hand)
Wands
 p - a wand of flame (28)
Scrolls
 a - 3 scrolls of amnesia
 c - 4 scrolls of vulnerability {unknown}
 d - a scroll of immolation {unknown}
 e - 4 scrolls of identify {unknown}
 g - a scroll of noise {unknown}
 h - a scroll of poison {unknown}
 m - a scroll of magic mapping {unknown}
 v - a scroll of acquirement {unknown}
Potions
 b - 2 potions of magic
 i - 2 potions of degeneration {unknown}
 j - 3 potions of curing {unknown}
 n - a potion of mutation {unknown}
 s - a potion of berserk rage {unknown}
 w - a potion of lignification {unknown}
 z - a potion of attraction {unknown}


   Skills:
 + Level 0.5 Short Blades
 + Level 1.8 Armour
 + Level 2.4 Dodging
 + Level 2.6 Stealth
 + Level 4.1 Spellcasting
 + Level 4.5 Conjurations
 + Level 4.5 Air Magic


You had 11 spell levels left.
You knew the following spells:

 Your Spells              Type           Power      Damage    Failure   Level
a - Shock                 Conj/Air       84%        1d8       3%          1
b - Static Discharge      Conj/Air       21%        3-6/arc   4%          2

Your spell library contained the following spells:

 Spells                   Type           Power      Damage    Failure   Level
 Swiftness                Air            21%        N/A       9%          3
 Ensorcelled Hibernation  Hex/Ice        6%         N/A       28%         2
 Passwall                 Tmut/Erth      2%         N/A       28%         2
 Sublimation of Blood     Necr           3%         N/A       28%         2
 Airstrike                Air            10%        2d(2-18)  30%         4
 Petrify                  Tmut/Erth      3%         N/A       88%         4
 Irradiate                Conj/Tmut      6%         3d13      91%         5


Dungeon Overview and Level Annotations

Branches:
Dungeon (5/15)
 Temple: D:4-7

Altars:
Kikubaaqudgha
Trog
Xom


Innate Abilities, Weirdness & Mutations

You are partially covered in yellow scales. (AC +2)
A demonic guardian rushes to your aid.
Spells you cast may paralyse adjacent enemies.


Message History

Malevolent energies surge around you. Something hits you!
A demonic guardian appears!
Something bites you!
Something draws strength from your injuries!
Casting: Static Discharge (safe; 4% risk of failure)
Confirm with . or Enter, or press ? or * to list all spells.
Really attack your hellwing?
Something is struck by an arc of lightning!
Your hellwing is struck by an arc of lightning.
Your hellwing is lightly wounded.
The lightning grounds out.
Malevolent energies surge around you. Something hits you but does no damage.
Something completely misses you.
Your hellwing hits something.
Your hellwing hits something but does no damage.
Casting: Static Discharge (safe; 4% risk of failure)
Confirm with . or Enter, or press ? or * to list all spells.
You can't see any susceptible monsters within range! (Use Z to cast anyway.)
Casting: Static Discharge (safe; 4% risk of failure)
Confirm with . or Enter, or press ? or * to list all spells.
Really attack your hellwing?
Something is struck by an arc of lightning.
Your hellwing is struck by an arc of lightning.
Your hellwing is lightly wounded.
Something is struck by an arc of lightning.
Your hellwing is struck by an arc of lightning!
Your hellwing is moderately wounded.
The lightning grounds out.
Malevolent energies surge around you. Something hits you but does no damage.
Something bites you.
* * * LOW HITPOINT WARNING * * *
Something draws strength from your injuries!
Your hellwing barely misses something.
Your hellwing hits something but does no damage.
You see here a +0 flail.
As you read the scroll labelled SOYLUI EWIXI, it crumbles to dust.
It is a scroll of amnesia.
Really abort (and waste the scroll)? [Y]es or [N]o only, please.
Really abort (and waste the scroll)?
Okay, then.
Something draws life force from you!!
You die...

.##.......... ##### ..
.......... .....
...##...... #####
...$.....# #....).)#
#.g..#V## ...## #.##
#######################..#
................@{4†.)...+
##########################


You could see a friendly hellwing (summoned).

Vanquished Creatures
  A necrophage (D:4)
  3 jellies (D:4)
  2 hounds
  Crazy Yiuf (D:2)
  Jessica (D:2)
  An iguana (D:5)
  4 orc wizards (D:4)
  6 gnolls
  5 adders
  2 worms (D:4)
  A dart slug (D:1)
  10 orcs
  7 bats
  6 endoplasms
  2 giant cockroaches (D:3)
  8 goblins
  8 hobgoblins
  2 jackals (D:1)
  2 kobolds
  5 quokkas
  3 ball pythons
  5 frilled lizards
  3 rats
88 creatures vanquished.

Vanquished Creatures (collateral kills)
  A centaur (D:5)
  An iguana (D:4)
  An orc wizard (D:4)
  An adder (D:2)
  2 hobgoblins (D:4)
  A ball python (D:4)
  3 goblins
  A kobold (D:4)
11 creatures vanquished.

Grand Total: 99 creatures vanquished

Notes
Turn   | Place    | Note
-------+----------+-------------------------------------------
     0 | D:1      | xian the Demonspawn Air Elementalist began the quest for
                  | the Orb.
     0 | D:1      | Reached XP level 1. HP: 13/13 MP: 3/3
   147 | D:1      | Found a faded altar of an unknown god.
   337 | D:1      | Gained mutation: A weak demonic guardian rushes to your
                  | aid. [demonic ancestry]
   337 | D:1      | Reached XP level 2. HP: 15/19 MP: 0/5
  1116 | D:2      | Learned a level 2 spell: Static Discharge
  1316 | D:2      | Reached XP level 3. HP: 24/24 MP: 2/6
  1386 | D:2      | Noticed Jessica
  1393 | D:2      | Killed Jessica
  1394 | D:2      | Gained mutation: You are partially covered in yellow
                  | scales. (AC +2) [demonic ancestry]
  1394 | D:2      | Reached XP level 4. HP: 29/30 MP: 4/7
  1823 | D:2      | Found a runed translucent door.
  1824 | D:2      | Noticed Crazy Yiuf
  1832 | D:2      | Killed Crazy Yiuf
  2220 | D:2      | Reached skill level 1 in Armour
  2702 | D:3      | Gained mutation: A demonic guardian rushes to your aid.
                  | [demonic ancestry]
  2702 | D:3      | Reached XP level 5. HP: 35/35 MP: 6/9
  3632 | D:3      | Found a bloodstained altar of Trog.
  3901 | D:4      | Reached XP level 6. HP: 20/41 MP: 4/10
  4217 | D:4      | Found an ancient bone altar of Kikubaaqudgha.
  4437 | D:4      | Found a shimmering altar of Xom.
  4616 | D:4      | Gained mutation: Spells you cast may paralyse adjacent
                  | enemies. [demonic ancestry]
  4616 | D:4      | Reached XP level 7. HP: 41/46 MP: 7/12
  4892 | D:5      | Entered Level 5 of the Dungeon
  5197 | D:5      | Noticed a vampire
  5314 | D:5      | Killed from afar by a vampire

Illustrated notes

Levels and vault maps discovered:
D:1:      eino_arrival_cavern_e, layout_basic,
          hellmonk_ecumenical_altar_pennies_from_heaven
D:2:      layout_loops_ring, small_statue_intersection, uniq_jessica,
          uniq_crazy_yiuf_cottage
D:3:      layout_loops_corners, overflow_temple_1_default, serial_glass,
          glass_columns_a, glass_columns_b, minmay_misc_feat_doors
D:4:      layout_basic, mainiacjoe_overflow_alcove_1,
          mainiacjoe_overflow_brackets
D:5:      layout_basic

Skill      XL: |  1  2  3  4  5  6  7 |
---------------+----------------------+-----
Stealth        | 2 |  2.6
Air Magic      | 3 4 |  4.5
Dodging        | 2 |  2.4
Conjurations   | 2 3 4 |  4.5
Armour         | 1 |  1.8
Spellcasting   | 3 4 |  4.1
Short Blades   | |  0.5

Action                   |  1- 3 |  4- 6 |  7- 9 || total
-------------------------+-------+-------+-------++-------
Melee: Dagger            |    27 |    23 |    14 ||    64
 Cast: Shock             |    52 |   105 |    22 ||   179
       Static Discharge  |     1 |    19 |     9 ||    29
  Use: Potion            |     1 |       |       ||     1
       Scroll            |       |       |     1 ||     1
 Stab: Sleeping          |       |     1 |       ||     1
       Paralysed         |       |       |     1 ||     1
Armor: Robe              |     3 |       |       ||     3
       Leather armour    |     6 |    11 |    12 ||    29
Dodge: Dodged            |    17 |    27 |    24 ||    68
